 Dungeon Crawl Stone Soup version 0.30.1-4-g462c640d31 (webtiles) character file.

Game seed: 760676337808643850

36841 Squincus the Fencer (level 13, -10/125 HPs)
             Began as a Minotaur Fighter on Sept 16, 2023.
             Was a High Priest of the Shining One.
             Mangled by a dire elephant (16 damage)
             ... on level 1 of the Vaults on Sept 17, 2023.
             The game lasted 01:04:25 (13200 turns).

Squincus the Fencer (Minotaur Fighter)             Turns: 13200, Time: 01:04:26

Health: -10/125    AC: 27    Str: 22    XL:     13   Next: 55%
Magic:  18/21      EV: 10    Int:  7    God:    the Shining One [*****.]
Gold:   1019       SH:  7    Dex: 20    Spells: 25/25 levels left

rFire   . . .        D - +1 double sword (protect)
rCold   . . .        c - +1 buckler
rNeg    + + .        d - +3 leather armour of Love and Death {rElec}
rPois   +            (helmet restricted)
rElec   +            o - +2 cloak
rCorr   +            P - +1 pair of gloves {infuse}
SInv    .            O - +0 pair of boots
Will    +....        j - amulet of the acrobat
Stlth   +            x - +6 ring of dexterity
HPRegen 0.40/turn    i - ring "Faweniq" {rPois Will+ rCorr AC+4 Int+2}
MPRegen 0.17/turn

%: acrobat, infuse magic (1 MP)
@: under a protective aura, glowing, studying Unarmed Combat
A: horns 2, retaliatory headbutt
a: Renounce Religion, Divine Shield, Cleansing Flame, Summon Divine Warrior


You were on level 1 of the Vaults.
You worshipped the Shining One.
The Shining One was extremely pleased with you.
You visited 3 branches of the dungeon, and saw 16 of its levels.

You collected 1943 gold pieces.
You spent 924 gold pieces at shops.

Inventory:

Hand Weapons
 a - a +2 long sword of flaming
 D - a +1 double sword of protection (weapon)
Missiles
 m - 2 throwing nets (quivered)
Armour
 c - a +1 buckler (worn)
 d - the +3 leather armour of Love and Death (worn) {rElec}
   (You found it on level 10 of the Dungeon)

   rElec:     It insulates you from electricity.
 o - a +2 cloak (worn)
 u - a +1 troll leather armour
 O - a +0 pair of boots (worn)
 P - a +1 pair of gloves of infusion (worn)
Jewellery
 i - the ring "Faweniq" (right hand) {rPois Will+ rCorr AC+4 Int+2}
   (You acquired it on level 4 of the Dungeon)

   [ring of protection]

   AC:        It affects your AC (+4).
   Int:       It affects your intelligence (+2).
   rPois:     It protects you from poison.
   rCorr:     It protects you from acid and corrosion.
   Will:      It increases your willpower.
 j - an amulet of the acrobat (around neck)
 x - a +6 ring of dexterity (left hand)
 G - an amulet of guardian spirit
Wands
 b - a wand of charming (3)
 p - a wand of light (9)
 v - a wand of flame (13)
 y - a wand of roots (41)
 E - a wand of polymorph (12)
Scrolls
 f - 7 scrolls of teleportation
 l - a scroll of blinking
 n - a scroll of poison
 C - a scroll of fog
 H - 2 scrolls of brand weapon
 I - 2 scrolls of magic mapping
 L - a scroll of immolation
 M - 3 scrolls of fear
Potions
 e - 2 potions of invisibility
 g - a potion of mutation {unknown}
 h - a potion of degeneration {unknown}
 k - 4 potions of haste
 q - 3 potions of brilliance
 r - a potion of lignification
 s - a potion of flight {unknown}
 w - a potion of might
 z - 6 potions of resistance
 F - a potion of heal wounds {unknown}
 J - 2 potions of cancellation
 K - a potion of attraction {unknown}
 R - a potion of berserk rage {unknown}
Miscellaneous
 Q - a phial of floods (inert)
 S - a tin of tremorstones (1/2)


   Skills:
 + Level 14.5 Fighting
 - Level 16.0 Long Blades
 - Level 14.8 Armour
 - Level 4.4 Shields
 + Level 6.6 Spellcasting


You had 25 spell levels left.
You didn't know any spells.
Your spell library contained the following spells:

 Spells                   Type           Power      Damage    Failure   Level
 Beastly Appendage        Tmut           4%         N/A       32%         1
 Foxfire                  Conj/Fire      8%         2x1d4     32%         1
 Kiss of Death            Conj/Necr      8%         2d6       32%         1
 Blink                    Tloc           4%         N/A       45%         2
 Lesser Beckoning         Tloc           4%         N/A       45%         2
 Momentum Strike          Conj/Tloc      4%         3d8       45%         2
 Wereblood                Tmut           2%         N/A       45%         2
 Confusing Touch          Hex            2%         N/A       69%         3
 Spider Form              Tmut/Pois      2%         N/A       69%         3
 Tukima's Dance           Hex            2%         N/A       69%         3
 Vhi's Electric Charge    Tloc/Air       4%         N/A       69%         3
 Animate Armour           Summ/Erth      4%         N/A       97%         4
 Dispel Undead            Necr           2%         3d7       97%         4
 Olgreb's Toxic Radiance  Pois           2%         N/A       97%         4
 Passage of Golubria      Tloc           2%         N/A       97%         4
 Alistair's Intoxication  Tmut/Pois      1%         N/A       100%        5
 Arcjolt                  Conj/Air       1%         1d11      100%        5
 Blade Hands              Tmut           1%         N/A       100%        5
 Borgnjor's Vile Clutch   Necr/Erth      1%         N/A       100%        5
 Iskenderun's Battlesphe  Conj           2%         2d6       100%        5
 Yara's Violent Unravell  Hex/Tmut       1%         3d3       100%        5
 Eringya's Noxious Bog    Tmut/Pois      1%         N/A       100%        6
 Iron Shot                Conj/Erth      1%         9d1       100%        6
 Plasma Beam              Fire/Air       1%         2x1d12    100%        6
 Spellforged Servitor     Conj/Summ      1%         N/A       100%        7
 Discord                  Hex            1%         N/A       100%        8
 Ignition                 Fire           1%         3d3       100%        8


Dungeon Overview and Level Annotations

Branches:
Dungeon (14/15)            Temple (1/1) D:6            Lair (0/5) D:11
    Orc (0/2) D:11         Vaults (1/5) D:14

Altars:
Ashenzari
Cheibriados
Dithmenos
Elyvilon
Fedhas
Gozag
Hepliaklqana
Kikubaaqudgha
Makhleb
Nemelex Xobeh
Okawaru
Qazlal
Ru
Sif Muna
Trog
Uskayaw
Vehumet
Wu Jian
Xom
Yredelemnul
Zin
The Shining One

Shops:
D:1 [   D:2 =   D:6 [

Annotations:
D:4 3 runed translucent doors, Kurtz's ghost, amateur TeFi
D:9 2 transporters, ranchalot's ghost, journeyman HOMo


Innate Abilities, Weirdness & Mutations

You have a pair of horns on your head.
You reflexively headbutt those who attack you in melee.


Message History

Your extra speed is starting to run out.
You feel yourself slow down.
You start resting.
A dire elephant is nearby!
It was a potion of ambrosia.
You are confused.
You feel invigorated.
You throw a throwing net.
m - 2 throwing nets (gained 1)
You bump into the stone wall.
You bump into the stone wall.
The dire elephant closely misses you. The dire elephant misses you.
You feel less invigorated.
You feel less confused.
You slash the dire elephant!
Your weapon exudes an aura of protection.
You headbutt the dire elephant, but do no damage.
The dire elephant is heavily wounded.
The dire elephant tramples you.
You hold your ground!
The dire elephant trunk-slaps you but does no damage.
The dire elephant tramples you!!
* * * LOW HITPOINT WARNING * * *
You hold your ground!
The dire elephant trunk-slaps you but does no damage.
You slash the dire elephant!
The dire elephant is severely wounded.
You hit the dire elephant but do no damage.
The dire elephant is severely wounded.
The dire elephant tramples you but does no damage.
The dire elephant trunk-slaps you but does no damage.
The dire elephant tramples you!!
* * * LOW HITPOINT WARNING * * *
You hold your ground!
The dire elephant trunk-slaps you but does no damage.
You slash the dire elephant!
The dire elephant is severely wounded.
You block the dire elephant's attack.
The dire elephant trunk-slaps you but does no damage.
The dire elephant tramples you!
You die...

..............#..#
##†##...
######........#..#
... #...
#.########..#
..... #...
#........#..#
.....Y. #... #
#........#..#
....... #... #
#..#..#..#.c#
#.#.#.# ... #
#..:.....#..#
...... #
#........#YY#
######'########.@#
#........# #..#
#........# #..#
'........# #..#
#........# #..#
#........# #...
#........# #...
#........# ####
#........#


You could see 2 dire elephants and a yaktaur captain.

Vanquished Creatures
  An ironbound preserver (Vaults:1)
  A dire elephant (Vaults:1)
  An ettin (Vaults:1)
  Snorg (D:10)
  4 vault guards
  A yaktaur captain (Vaults:1)
  Erolcha (D:13)
  A boulder beetle (D:13)
  2 centaur warriors
  3 two-headed ogres
  A tengu warrior (D:12)
  A wizard (Vaults:1)
  3 deep trolls (Vaults:1)
  2 lindwurms (Vaults:1)
  The ghost of asdasdasdasdasd the Basher, a novice MiBe of Trog (D:6)
  2 ironbound convokers (Vaults:1)
  5 ugly things
  An orc sorcerer (D:14)
  2 orc knights (D:14)
  A deep elf pyromancer (D:13)
  A cyclops (D:12)
  4 manticores
  4 vault sentinels (Vaults:1)
  A black mamba (D:12)
  An unseen horror (D:12)
  2 kobold demonologists
  A tengu conjurer (D:14)
  An efreet (D:14)
  2 yaktaurs
  4 trolls
  10 slime creatures
  20 yaks
  A wyvern (D:9)
  2 shadows
  A ynoxinul (D:9)
  A yak (shapeshifter) (D:14)
  A basilisk (D:12)
  16 vampire mosquitoes
  A human (D:14)
  A two-headed ogre zombie (D:12)
  An acid dragon (D:14)
  4 water moccasins
  2 sky beasts
  4 orc warriors
  2 black bears
  A boggart (Vaults:1)
  2 ogres (D:7)
  8 centaurs
  A phantom (D:4)
  2 kobold brigands
  5 bullfrogs
  2 gnoll sergeants (D:8)
  4 scorpions
  4 wights (D:8)
  3 killer bees (D:8)
  3 howler monkeys
  The ghost of gohan83 the Conjurer, a weakling DECj (D:3)
  A crimson imp (D:10)
  5 hounds
  3 jellies
  13 orc priests
  2 sleepcaps
  2 iguanas
  6 orc wizards
  A mummy (D:5)
  11 gnolls
  9 adders
  A shadow imp (D:7)
  An ufetubus (D:5)
  3 worms
  2 dart slugs
  36 orcs
  6 ball pythons
  7 bats
  3 endoplasms
  6 giant cockroaches
  4 goblins
  6 hobgoblins
  4 jackals (D:1)
  6 quokkas
  17 kobolds
  5 rats
319 creatures vanquished.

Notes
Turn   | Place    | Note
-------+----------+-------------------------------------------
     0 | D:1      | Squincus the Minotaur Fighter began the quest for the Orb.
     0 | D:1      | Reached XP level 1. HP: 19/19 MP: 0/0
   147 | D:1      | Found Koedamets's Antique Armour Shop.
   177 | D:1      | Reached skill level 3 in Long Blades
   177 | D:1      | Reached XP level 2. HP: 22/26 MP: 1/1
   739 | D:2      | Found a faded altar of an unknown god.
   759 | D:2      | Reached XP level 3. HP: 29/29 MP: 2/2
   765 | D:2      | Noticed a shining eye
   765 | D:2      | Noticed a floating eye
   766 | D:2      | Noticed an eye of devastation
   766 | D:2      | Noticed a floating eye
  1036 | D:2      | Found Henuog's Jewellery Shoppe.
  1243 | D:2      | Reached skill level 4 in Long Blades
  1593 | D:3      | Reached XP level 4. HP: 39/39 MP: 3/3
  1674 | D:3      | Reached skill level 5 in Armour
  1785 | D:3      | Reached XP level 5. HP: 43/45 MP: 4/4
  2051 | D:3      | Reached skill level 5 in Long Blades
  2232 | D:3      | Found a runed translucent door.
  2232 | D:3      | Noticed gohan83's ghost (weakling DECj)
  2246 | D:3      | Killed gohan83's ghost
  2322 | D:3      | Identified 2 scrolls of acquirement
  2322 | D:3      | Acquired 904 gold pieces
  2475 | D:2      | Bought an amulet of the acrobat for 420 gold pieces
  2475 | D:2      | Bought a +6 ring of dexterity for 504 gold pieces
  2524 | D:4      | Acquired the ring "Faweniq" {rPois Will+ rCorr AC+4 Int+2}
  2661 | D:4      | Found a glowing drain.
  2708 | D:4      | Found a runed translucent gate.
  2708 | D:4      | Found a runed translucent gate.
  2708 | D:4      | Found a runed translucent gate.
  2710 | D:4      | Found an opulent altar of Gozag.
  2711 | D:4      | Noticed Kurtz's ghost (amateur TeFi)
  2758 | D:4      | Reached XP level 6. HP: 48/51 MP: 5/5
  2805 | D:4      | Reached skill level 6 in Long Blades
  2893 | D:4      | Found an opulent altar of Gozag.
  3174 | D:5      | Entered Level 5 of the Dungeon
  3211 | D:5      | Noticed a two-headed ogre
  3230 | D:5      | Killed a two-headed ogre
  3231 | D:5      | Reached skill level 8 in Long Blades
  3231 | D:5      | Reached XP level 7. HP: 47/57 MP: 6/6
  3231 | D:5      | Reached XP level 8. HP: 52/64 MP: 7/7
  3445 | D:5      | Found a radiant altar of Vehumet.
  3529 | D:5      | Found a broken altar of Ashenzari.
  3746 | D:5      | Found a snail-covered altar of Cheibriados.
  3986 | D:6      | Found Xaohot's Armour Emporium.
  4131 | D:6      | Reached skill level 9 in Long Blades
  4280 | D:6      | Found a large runed translucent door.
  4280 | D:6      | Found a large runed translucent door.
  4282 | D:6      | Noticed asdasdasdasdasd's ghost (novice MiBe)
  4310 | D:6      | Killed asdasdasdasdasd's ghost
  4311 | D:6      | Reached skill level 10 in Long Blades
  4311 | D:6      | Reached skill level 10 in Armour
  4483 | D:6      | Reached XP level 9. HP: 70/70 MP: 8/8
  4558 | D:6      | Found a staircase to the Ecumenical Temple.
  4652 | Temple   | Entered the Ecumenical Temple
  4676 | Temple   | Became a worshipper of the Shining One
  5519 | D:7      | Found a hide-covered altar of Uskayaw.
  5524 | D:7      | Found a white marble altar of Elyvilon.
  5558 | D:7      | Reached skill level 11 in Long Blades
  6068 | D:8      | Noticed a kobold demonologist
  6276 | D:8      | Killed a kobold demonologist
  6291 | D:8      | Reached skill level 12 in Long Blades
  6434 | D:8      | Reached * piety under the Shining One
  6625 | D:8      | Found a stormy altar of Qazlal.
  6705 | D:8      | Acquired a +0 double sword of protection
  6747 | D:8      | Found a sparkling altar of Nemelex Xobeh.
  6777 | D:8      | Reached XP level 10. HP: 77/77 MP: 9/9
  7055 | D:9      | Noticed a two-headed ogre
  7066 | D:9      | Killed a two-headed ogre
  7067 | D:9      | Reached skill level 13 in Long Blades
  7356 | D:9      | Found a shimmering blue altar of Sif Muna.
  7367 | D:9      | Reached skill level 14 in Long Blades
  7371 | D:9      | Got Sif Muna's Collected Works on Moving Pyromancy
  7376 | D:9      | Found a bloodstained altar of Trog.
  7409 | D:9      | Found a transporter.
  7409 | D:9      | Identified the +2 giant club "Xiopp" {protect, *Corrode
                  | rElec Str+4}
  7409 | D:9      | Noticed a two-headed ogre
  7410 | D:9      | Noticed a two-headed ogre
  7410 | D:9      | Noticed a two-headed ogre
  7410 | D:9      | Noticed a two-headed ogre
  7411 | D:9      | Found a transporter.
  7412 | D:9      | Noticed ranchalot's ghost (journeyman HOMo)
  7582 | D:9      | Found an ornate altar of the Wu Jian Council.
  7813 | D:10     | Entered Level 10 of the Dungeon
  7900 | D:9      | Reached skill level 15 in Long Blades
  8019 | D:10     | Found a shimmering altar of Xom.
  8019 | D:10     | Found a burning altar of Makhleb.
  8024 | D:10     | Reached ** piety under the Shining One
  8053 | D:10     | Noticed Snorg
  8062 | D:10     | Killed Snorg
  8068 | D:10     | Reached skill level 16 in Long Blades
  8070 | D:10     | Reached XP level 11. HP: 69/83 MP: 10/10
  8171 | D:10     | Identified the +3 leather armour of Love and Death {rElec}
  8237 | D:10     | Reached skill level 5 in Fighting
  8292 | D:10     | Found a sacrificial altar of Ru.
  8349 | D:10     | Noticed a two-headed ogre
  8358 | D:10     | Killed a two-headed ogre
  8578 | D:11     | Reached *** piety under the Shining One
  8664 | D:11     | Found a staircase to the Orcish Mines.
  8901 | D:11     | Found a staircase to the Lair.
  9633 | D:12     | Found a transporter.
  9767 | D:12     | Found a transporter.
  9776 | D:12     | Noticed a tengu warrior
  9792 | D:12     | Killed a tengu warrior
  9890 | D:12     | Reached **** piety under the Shining One
  9943 | D:12     | Reached XP level 12. HP: 98/105 MP: 11/11
 10390 | D:13     | Identified the ring of Udet {rC+ Dex+5}
 10446 | D:13     | Reached skill level 1 in Spellcasting
 10457 | D:13     | Reached skill level 10 in Fighting
 10542 | D:13     | Noticed Erolcha
 10543 | D:13     | Noticed a centaur warrior
 10553 | D:13     | Killed Erolcha
 10560 | D:13     | Killed a centaur warrior
 10827 | D:13     | Noticed a boulder beetle
 10837 | D:13     | Killed a boulder beetle
 11116 | D:14     | Found an iron altar of Okawaru.
 11314 | D:14     | Noticed a centaur warrior
 11382 | D:14     | Killed a centaur warrior
 11603 | D:14     | Noticed a vault guard
 11693 | D:14     | Noticed a vault guard
 11698 | D:14     | Reached ***** piety under the Shining One
 11732 | D:14     | Noticed a boulder beetle
 11819 | D:14     | Noticed a vault guard
 11831 | D:14     | Killed a vault guard
 11965 | D:14     | Found a gate to the Vaults.
 11990 | D:14     | Killed a vault guard
 12022 | D:14     | Killed a vault guard
 12094 | Vaults:1 | Entered Level 1 of the Vaults
 12111 | Vaults:1 | Reached skill level 5 in Spellcasting
 12118 | Vaults:1 | Reached XP level 13. HP: 103/119 MP: 7/19
 12203 | Vaults:1 | Noticed an ettin
 12204 | Vaults:1 | Noticed an ironbound preserver
 12213 | Vaults:1 | Killed an ettin
 12214 | Vaults:1 | Killed an ironbound preserver
 12503 | Vaults:1 | Noticed a vault warden
 13107 | Vaults:1 | Noticed a dire elephant
 13122 | Vaults:1 | Noticed a dire elephant
 13123 | Vaults:1 | Noticed a dire elephant
 13137 | Vaults:1 | Killed a dire elephant
 13139 | Vaults:1 | HP: 4/125 [dire elephant (22)]
 13199 | Vaults:1 | HP: 6/125 [dire elephant (21)]
 13200 | Vaults:1 | Mangled by a dire elephant

Illustrated notes

Levels and vault maps discovered:
D:1:      wander_arrival_chamber, layout_basic, serial_shops, shop
D:2:      layout_basic, hellmonk_ecumenical_altar_watching_god, serial_shops,
          nicolae_shop_gaudy_bauble, minmay_tromino_v4_b
D:3:      cheibrodos_pilgrimage, layout_basic, gammafunk_ghost_grave
D:4:      layout_cave_pools, nicolae_gozag_cash_rules_everything_around_me,
          gup_sewer_entry_pipe, ebering_ghost_gozag, amcnicky_mini_pool_small,
          small_statue_intersection
D:5:      layout_loops_cross, nicolae_ashenzari_panopticon, chei_slow_surprise,
          mainiacjoe_overflow_chevrons, minmay_manual_monstrance
D:6:      layout_basic, minmay_temple_entry_hall, ebering_ghost_disaster_area,
          serial_shops, shop
D:7:      layout_loops_ring, grunt_temple_overflow_open,
          david_defended_altar_orc
D:8:      layout_loops_cross, mainiacjoe_overflow_concentric_impassable,
          mainiacjoe_overflow_tiny_flanked
D:9:      nicolae_cairo_tiling_large_dashed, layout_irregular_city,
          nzn_overflow_gifts_of_might_and_magic, nzn_wu_jian_council_hall,
          gammafunk_ghost_smash
D:10:     layout_roguey, grunt_temple_overflow_champion_of_chaos,
          nicolae_ru_awakened_eye, uniq_snorg
D:11:     layout_loops_ring, grunt_lair_entry_orc_guard_hut,
          minmay_orc_entry_temple_small
D:12:     gammafunk_cloud_chamber, layout_rooms
D:13:     layout_rooms, chequers_serial_rivers_micro_b, uniq_erolcha
D:14:     layout_grid_maze, grunt_vaults_entry_fortified,
          portal_ice_cave_entry_ice_statue_two, lemuel_crystal_altar,
          kennysheep_generic_room_6
Temple:   hellmonk_temple_rainy
Vaults:1: v_alt_pattern_6, hangedman_vaults_corner,
          nicolae_vaults_little_squares_1, ontoclasm_vaults_gateway,
          nicolae_vaults_more_shelving_2, nicolae_vaults_tetromino_Z_2,
          hangedman_vaults_stagger, vaults_room_glass_cross, v_misc_13,
          vaults_room_fours, hangedman_vaults_pinch, ontoclasm_vaults_ligature,
          ontoclasm_vaults_idyll, layout_vaults_omnibox

Skill      XL: |  1  2  3  4  5  6  7  8  9 10 11 12 13 |
---------------+----------------------------------------+-----
Armour         | 4 5 6 8 10 12 14 | 14.8
Long Blades    | 3 4 5 8 10 12 16 | 16.0
Fighting       | 9 12 14 | 14.5
Shields        | 4 |  4.4
Spellcasting   | 5 6 |  6.6

Action                     |  1- 3 |  4- 6 |  7- 9 | 10-12 | 13-15 || total
---------------------------+-------+-------+-------+-------+-------++-------
  Melee: Long sword        |   102 |   120 |   188 |       |       ||   410
         Headbutt          |    11 |    28 |    51 |   143 |    38 ||   271
         Double sword      |       |       |     1 |   489 |   106 ||   596
  Throw: Throwing net      |       |       |       |       |     1 ||     1
 Invoke: Divine Shield     |       |       |     1 |       |       ||     1
  Evoke: Wand              |       |       |       |     2 |       ||     2
         Phial of floods   |       |       |       |       |     1 ||     1
         Tin of tremorston |       |       |       |       |     1 ||     1
    Use: Scroll            |       |    13 |     5 |    11 |     3 ||    32
         Potion            |       |     2 |     4 |     2 |     6 ||    14
   Stab: Sleeping          |       |     1 |       |       |       ||     1
 Armour: Scale mail        |    51 |    32 |       |       |       ||    83
         Leather armour    |       |    11 |    60 |   212 |    76 ||   359
  Dodge: Dodged            |    59 |    40 |    98 |   208 |    57 ||   462
  Block: Buckler           |    26 |    21 |    56 |   132 |    32 ||   267
